 Dungeon Crawl Stone Soup version 0.22-a0-596-gfbd32a6 (webtiles) character file.

3570 gmonis the Basher (level 9, -11/70 HPs)
             Began as a Minotaur Berserker on July 5, 2018.
             Was a High Priest of Trog.
             Mangled by a two-headed ogre
             ... wielding a +0 giant club
              (12 damage)
             ... on level 8 of the Dungeon.
             The game lasted 00:19:32 (9099 turns).

gmonis the Basher (Minotaur Berserker)              Turns: 9099, Time: 00:19:32

Health: -11/70     AC: 12    Str: 22    XL:     9   Next: 84%
Magic:  8/8        EV:  9    Int:  4    God:    Trog [*****.]
Gold:   313        SH:  8    Dex: 19    Spells: 8/8 levels left

rFire    . . .     SeeInvis .   a - +0 mace
rCold    . . .     Gourm    .   z - +2 buckler
rNeg     . . .     Faith    .   F - +0 chain mail
rPois    .         Spirit   .   (helmet restricted)
rElec    .         Reflect  .   A - +0 cloak
rCorr    .         Harm     .   (no gloves)
MR       .....                  (no boots)
Stlth    ..........             (no amulet)
HPRegen  0.21/turn              d - +6 ring of dexterity
MPRegen  0.11/turn              p - ring of flight

@: no status effects
A: retaliatory headbutt, horns 2
a: Berserk, Trog's Hand, Brothers in Arms, Renounce Religion, Evoke Flight


You were on level 8 of the Dungeon.
You worshipped Trog.
Trog was extremely pleased with you.
You were not hungry.

You visited 2 branches of the dungeon, and saw 9 of its levels.

You collected 313 gold pieces.

Inventory:

Hand Weapons
 a - a +0 mace (weapon)
Missiles
 q - 259 stones (quivered)
Armour
 b - a +0 animal skin
 g - a +0 buckler
 z - a +2 buckler (worn)
 A - a +0 cloak (worn)
 C - a +0 ring mail
 F - a +0 chain mail (worn)
Jewellery
 d - a +6 ring of dexterity (left hand)
 p - a ring of flight (right hand)
Wands
 s - a wand of iceblast (9)
 x - a wand of random effects (25)
Scrolls
 e - 5 scrolls of remove curse
 f - a scroll of random uselessness
 n - 2 scrolls of identify {unknown}
 r - 2 scrolls of immolation
 t - 2 scrolls of magic mapping
 v - a scroll of amnesia
 y - a scroll of noise {unknown}
 B - 2 scrolls of teleportation
 D - a scroll of enchant armour {unknown}
 E - a scroll of enchant weapon {unknown}
 G - a scroll of blinking {unknown}
Potions
 h - 2 potions of might
 i - 5 potions of curing {unknown}
 j - 2 potions of agility {unknown}
 k - 2 potions of magic {unknown}
 l - 2 potions of heal wounds
 m - 2 potions of haste {unknown}
 o - 3 potions of lignification {unknown}
 u - a potion of degeneration {unknown}
 w - 3 potions of flight {unknown}
Comestibles
 c - 9 rations
 H - a chunk of flesh


   Skills:
 - Level 3.6 Fighting
 - Level 14.0 Maces & Flails
 + Level 8.2 Armour
 - Level 2.1 Dodging
 - Level 4.4 Shields


You had 8 spell levels left.
You didn't know any spells.
Your spell library was empty.

Dungeon Overview and Level Annotations

Branches:
Dungeon (8/15)             Temple (1/1) D:4
   Lair: D:8-11

Altars:
Ashenzari
Cheibriados
Dithmenos
Elyvilon
Fedhas
Gozag
Hepliaklqana
Kikubaaqudgha
Makhleb
Nemelex Xobeh
Okawaru
Qazlal
Ru
Sif Muna
Trog
Uskayaw
Vehumet
Wu Jian
Xom
Yredelemnul
Zin
The Shining One

Shops:
D:5 *   D:8 *

Annotations:
D:4 exclusion: door


Innate Abilities, Weirdness & Mutations

You reflexively headbutt those who attack you in melee.
You have a pair of horns on your head.


Message History

The two-headed ogre is lightly wounded.
You closely miss the two-headed ogre. You headbutt the two-headed ogre!
The two-headed ogre is moderately wounded.
The two-headed ogre closely misses you. You furiously retaliate!
You headbutt the two-headed ogre!
The two-headed ogre hits you with a giant club!
You are too injured to fight recklessly!
You are too injured to fight recklessly!
You hit the two-headed ogre. You headbutt the two-headed ogre.
The two-headed ogre is severely wounded.
You hit the two-headed ogre.
The two-headed ogre is severely wounded.
The two-headed ogre hits you with a giant club!!
* * * LOW HITPOINT WARNING * * *
You block the two-headed ogre's attack.
You thump the two-headed ogre!
The two-headed ogre is almost dead.
You block the two-headed ogre's attack.
The two-headed ogre hits you with a giant club!
You die...

#.......#
#.......#
##.##########
#.#####./..###
###............#
#........##.P.P..
#.######.##.P_...
# #....P...#
#.@O.....#
#†..###.##
#...... #.!#####
#... )..## ####


You could see a two-headed ogre.

Vanquished Creatures
  2 hornets
  Grinder (D:3)
  A hippogriff (D:7)
  2 orc warriors
  A sky beast (D:5)
  2 black bears (D:8)
  2 phantoms
  3 ogres
  2 centaurs
  4 bullfrogs (D:6)
  A wyvern skeleton (D:7)
  3 wights (D:8)
  2 crimson imps
  3 bullfrog zombies
  2 gnoll shamans (D:6)
  4 orc priests
  3 hounds
  Jessica (D:3)
  2 iguanas
  Ijyb (D:3)
  Terence (D:3)
  6 orc wizards
  9 worker ants
  17 gnolls
  8 adders
  A shadow imp (D:3)
  An ooze (D:3)
  2 adder skeletons
  An adder zombie (D:1)
  4 worms
  A dart slug (D:1)
  7 leopard geckos
  24 orcs
  A bat zombie (D:1)
  5 giant cockroaches
  14 goblins
  6 hobgoblins
  7 jackals
  2 quokkas
  A ball python (D:1)
  A ball python zombie (D:5)
  12 bats
  8 frilled lizards
  2 gnoll zombies (D:2)
  9 kobolds
  A leopard gecko zombie (D:7)
  2 quokka skeletons
  4 rats
199 creatures vanquished.

Notes
Turn   | Place    | Note
-------+----------+-------------------------------------------
     0 | D:1      | gmonis the Minotaur Berserker began the quest for the Orb.
     0 | D:1      | Reached XP level 1. HP: 19/19 MP: 0/0
    23 | D:1      | Reached skill level 4 in Maces & Flails
   260 | D:1      | Reached XP level 2. HP: 25/26 MP: 1/1
   909 | D:1      | Reached skill level 5 in Maces & Flails
   909 | D:1      | Reached skill level 1 in Shields
   909 | D:1      | Reached XP level 3. HP: 30/31 MP: 2/2
  1497 | D:2      | Reached ** piety under Trog
  1658 | D:2      | Reached XP level 4. HP: 39/39 MP: 3/3
  1859 | D:2      | Found a basalt altar of Yredelemnul.
  2204 | D:3      | Noticed Ijyb
  2211 | D:3      | Killed Ijyb
  2211 | D:3      | Reached skill level 6 in Maces & Flails
  2212 | D:3      | Reached XP level 5. HP: 45/45 MP: 4/4
  2528 | D:3      | Reached *** piety under Trog
  2581 | D:3      | Noticed Terence
  2590 | D:3      | Killed Terence
  2590 | D:3      | Reached skill level 7 in Maces & Flails
  2852 | D:3      | Reached XP level 6. HP: 51/51 MP: 5/5
  2934 | D:3      | Noticed Jessica
  2935 | D:3      | Noticed Grinder
  2946 | D:3      | Killed Grinder
  2946 | D:3      | Reached skill level 8 in Maces & Flails
  2947 | D:3      | Killed Jessica
  3044 | D:3      | Reached XP level 7. HP: 44/57 MP: 6/6
  3789 | D:4      | Found a staircase to the Ecumenical Temple.
  3838 | Temple   | Entered the Ecumenical Temple
  3997 | D:4      | Reached **** piety under Trog
  4328 | D:4      | Reached skill level 9 in Maces & Flails
  5050 | D:4      | Found a deep blue altar of Sif Muna.
  5299 | D:5      | Entered Level 5 of the Dungeon
  5615 | D:5      | Found Xucuac's Assorted Antiques.
  6005 | D:5      | Reached skill level 10 in Maces & Flails
  6183 | D:5      | Reached XP level 8. HP: 49/64 MP: 7/7
  6215 | D:5      | Reached skill level 11 in Maces & Flails
  6861 | D:6      | Received a gift from Trog
  6910 | D:6      | Reached skill level 12 in Maces & Flails
  7333 | D:6      | Found a sparkling altar of Nemelex Xobeh.
  7334 | D:6      | Found a burning altar of Makhleb.
  7334 | D:6      | Found an iron altar of Okawaru.
  7335 | D:6      | Found a shimmering altar of Xom.
  7335 | D:6      | Found an ancient bone altar of Kikubaaqudgha.
  7567 | D:7      | Noticed a hornet
  7577 | D:6      | Reached skill level 5 in Armour
  7578 | D:6      | Paralysed by a hornet for 2 turns
  7581 | D:6      | Reached XP level 9. HP: 53/70 MP: 8/8
  7778 | D:7      | Reached skill level 13 in Maces & Flails
  8322 | D:7      | Reached ***** piety under Trog
  8927 | D:8      | Reached skill level 14 in Maces & Flails
  9029 | D:8      | Found Olyomel's Assorted Antiques.
  9066 | D:8      | Found a bloodstained altar of Trog.
  9089 | D:8      | Noticed a two-headed ogre
  9098 | D:8      | HP: 1/70 [two-headed ogre/giant club (26)]
  9099 | D:8      | Mangled by a two-headed ogre

Vault maps used:
D:1:      saegor_arrival_fortress, minivault_27
D:2:      lemuel_zombie_altar_yredelemnul, minmay_tromino_v4_b
D:3:      uniq_terence, uniq_jessica, uniq_ijyb, uniq_grinder
D:4:      temple_doors_e, first_ration, serial_bayou, serial_bayou_lake_a,
          serial_bayou_pond_a, serial_bayou_ford_a, serial_bayou_pond_d,
          serial_bayou_shore_a, led_sif_book
D:5:      serial_shops, nicolae_shop_crystal
D:6:      grunt_temple_overflow_open
D:8:      trog_ov_bears_minmay, serial_shops, nicolae_shop_overgrown_old_shop,
          blue_anna_alchemist, minmay_misc_feat_x
Temple:   eino_temple_lava

Skill      XL: |  1  2  3  4  5  6  7  8  9 |
---------------+----------------------------+-----
Maces & Flails | 4 5 6 7 8 10 12 14 | 14.0
Shields        | 1 2 3 4 |  4.4
Armour         | 5 8 |  8.2
Fighting       | |  3.6
Dodging        | |  2.1

Action                   |  1- 3 |  4- 6 |  7- 9 || total
-------------------------+-------+-------+-------++-------
Melee: Mace              |    75 |   106 |   349 ||   530
       Headbutt          |    10 |    14 |   107 ||   131
Throw: Stone             |       |       |    12 ||    12
Invok: Berserk           |     1 |     4 |     8 ||    13
  Use: Scroll            |       |       |     6 ||     6
 Stab: Sleeping          |     1 |       |     2 ||     3
  Eat: Chunk             |     2 |     9 |    24 ||    35
       Ration            |       |       |     1 ||     1
Armor: Animal skin       |    20 |    23 |    12 ||    55
       Ring mail         |       |       |    24 ||    24
       Chain mail        |       |       |    21 ||    21
Dodge: Dodged            |    54 |    62 |   126 ||   242
Block: Buckler           |     6 |    22 |   118 ||   146

Table legend:
 A = Spawn XP
 B = Non-spawn XP
 C = Spawn XP percentage of total XP
 D = Spawn monster count
 E = Non-spawn monster count
 F = Spawn count percentage of total count
 G = Total turns spent on level
                    A         B        C        D         E        F      G
               +---------+---------+-------+---------+---------+-------+---------
         Total |       0 |    5101 |   0.0 |       0 |     199 |   0.0 |  9099
               +---------+---------+-------+---------+---------+-------+---------
           D:1 |       0 |      47 |   0.0 |       0 |      25 |   0.0 |  1225
           D:2 |       0 |      77 |   0.0 |       0 |      29 |   0.0 |   949
           D:3 |       0 |     676 |   0.0 |       0 |      46 |   0.0 |  1571
           D:4 |       0 |     213 |   0.0 |       0 |      14 |   0.0 |  1779
           D:5 |       0 |     796 |   0.0 |       0 |      19 |   0.0 |  1197
           D:6 |       0 |    1249 |   0.0 |       0 |      25 |   0.0 |   971
           D:7 |       0 |    1381 |   0.0 |       0 |      30 |   0.0 |  1081
           D:8 |       0 |     662 |   0.0 |       0 |      11 |   0.0 |   261
               +---------+---------+-------+---------+---------+-------+---------
